Jets vs Avalanche

Created - April 5 2012 at 17:43

Goals
1 2 3 T
Jets 0 1 2 3
Avalanche 2 0 0 2
Shots
1 2 3 T
Jets 3 9 19 31
Avalanche 7 11 3 21

Period #1

1. Avalanche , Linus Omark 3 (Bryan Bickell, Jason Demers) at 2:53
2. Avalanche , Teemu Selanne 39 (T.J. Oshie, Olli Jokinen) at 19:55

Penalties :
Steve Downie (COL) for Fighting (Major) at 2:45, Clarke MacArthur (WPG) for Fighting (Major) at 2:45

Period #2

3. Jets , Martin Erat 29 (Cam Fowler, Clarke MacArthur) at 15:15

Penalties :
Erik Cole (WPG) for Hooking (Minor) at 4:44, Erik Cole (WPG) for Interference (Minor) at 12:05, Mark Giordano (WPG) for Cross-checking (Minor) at 12:08, Justin Abdelkader (COL) for Hooking (Minor) at 16:03

Period #3

4. Jets , Carlo Colaiacovo 2 (Victor Hedman) at 7:15
5. Jets , Blake Comeau 14 (Martin Hanzal, Tyler Ennis) at 13:55

Penalties :
John Carlson (COL) for Roughing (Minor) at 1:30, John Carlson (COL) for Slashing (Minor) at 4:40, Paul Mara (COL) for Diving (Minor) at 11:42, Ryan Carter (COL) for Diving (Minor) at 13:56

Goalie Stats

Ilya Bryzgalov (WPG), 19 saves from 21 shots - (0.905), W, 40-28-7, 60:00 minutes
Antti Niemi (COL), 28 saves from 31 shots - (0.903), L, 35-18-5, 59:41 minutes

Players Stats

Jets
Player Name              G  A  P  +/- PIM S  H  SB FO    MP 
------------------------------------------------------------
Alex Goligoski           0  0  0  -1  0   3  2  0  0/0   20 
Andy McDonald            0  0  0  -1  0   2  0  0  10/21 21 
Blake Comeau             1  0  1   2  0   1  1  0  0/1   6  
Cam Fowler               0  1  1  -1  0   1  1  0  0/0   21 
Carlo Colaiacovo         1  0  1   2  0   1  2  1  0/0   6  
Clarke MacArthur         0  1  1   0  5   2  0  0  0/0   13 
Dainius Zubrus           0  0  0   2  0   0  0  0  1/1   9  
Daniel Sedin             0  0  0   0  0   2  1  0  0/0   19 
Erik Cole                0  0  0   0  4   3  5  0  2/2   19 
Henrik Sedin             0  0  0   0  0   4  0  0  20/29 21 
Jaroslav Spacek          0  0  0   0  0   1  0  1  0/0   15 
Mark Giordano            0  0  0   0  2   1  0  1  0/0   21 
Martin Erat              1  0  1  -1  0   3  0  0  0/0   20 
Martin Hanzal            0  1  1   1  0   4  3  1  13/23 18 
Nathan Gerbe             0  0  0   0  0   0  0  0  0/0   11 
Nick Schultz             0  0  0   0  0   0  0  1  0/0   13 
Tyler Ennis              0  1  1   0  0   3  0  1  1/1   17 
Victor Hedman            0  1  1   2  0   0  2  2  0/0   23 
Avalanche
Player Name              G  A  P  +/- PIM S  H  SB FO    MP 
------------------------------------------------------------
Bryan Bickell            0  1  1   0  0   1  1  0  0/0   16 
Derek Stepan             0  0  0  -2  0   0  1  0  1/1   18 
Jason Demers             0  1  1   0  0   0  7  0  0/0   21 
Jeff Skinner             0  0  0   0  0   0  1  0  0/0   12 
John Carlson             0  0  0   1  4   1  2  2  0/0   23 
Justin Abdelkader        0  0  0  -2  2   1  0  0  5/10  15 
Kevin Shattenkirk        0  0  0   1  0   1  1  3  0/0   22 
Linus Omark              1  0  1   0  0   1  0  0  0/0   13 
Michael Del Zotto        0  0  0  -2  0   0  0  1  0/0   17 
Milan Hejduk             0  0  0   0  0   1  0  1  1/2   18 
Nicklas Lidstrom         0  0  0   0  0   0  0  0  0/0   0  
Olli Jokinen             0  1  1   1  0   6  3  2  8/23  21 
Paul Mara                0  0  0  -2  2   0  3  0  0/0   21 
R.J. Umberger            0  0  0   0  0   2  1  0  5/11  12 
Ryan Carter              0  0  0   0  2   1  1  0  5/10  12 
Steve Downie             0  0  0  -2  5   1  2  0  1/2   11 
T.J. Oshie               0  1  1   1  0   2  1  0  3/7   18 
Teemu Selanne            1  0  1   1  0   3  1  0  2/12  21 

3 Stars

1 - Carlo Colaiacovo (WPG)
2 - Blake Comeau (WPG)
3 - Jason Demers (COL)

Power Play

Jets - 0 on 5 Attempt(s) - 0.00%
Avalanche - 0 on 3 Attempt(s) - 0.00%

Penalty Kill

Jets - 3 on 3 Attempt(s) - 100.00% - Score 0 goal in Penalty Kill
Avalanche - 5 on 5 Attempt(s) - 100.00% - Score 0 goal in Penalty Kill

Game Notes

Nicklas Lidstrom is injured at 0:33 of 1st period (Broken Bone (Left Arm))
Clarke MacArthur beats up Steve Downie at 2:45 of 1st period

Finance

Level 1 -- Attendance: 4881 (75.09%) -- Ticket Income $439,290.00
Level 2 -- Attendance: 3850 (77.00%) -- Ticket Income $231,000.00
Level 3 -- Attendance: 2137 (61.06%) -- Ticket Income $96,165.00
Level 4 -- Attendance: 1376 (68.56%) -- Ticket Income $48,160.00
Luxury Box -- Attendance: 750 (75.00%) -- Ticket Income $142,500.00
Game was played at the Pepsi Center
Total Attendance: 12994 (72.16%)
Total Ticket Income: $1,029,213.00
Other Income: $182,887.50
Total Income: $1,212,100.00


Play by Play

Period #1

0:01 of 1st period - Olli Jokinen wins face-off versus Henrik Sedin in neutral zone.
0:03 of 1st period - Nicklas Lidstrom is hit by Erik Cole and loses puck.
0:13 of 1st period - Icing by Henrik Sedin.
0:14 of 1st period - R.J. Umberger wins face-off versus Henrik Sedin in Jets zone.
0:26 of 1st period - Icing by Victor Hedman.
0:27 of 1st period - Erik Cole wins face-off versus Olli Jokinen in Jets zone.
0:32 of 1st period - Nicklas Lidstrom is hit by Daniel Sedin and loses puck.
0:33 of 1st period - Nicklas Lidstrom from Avalanche is injured at 0:33 of 1st period (Broken Bone (Left Arm)).
0:34 of 1st period - Justin Abdelkader wins face-off versus Andy McDonald in Avalanche zone.
0:58 of 1st period - Off-side.
0:59 of 1st period - Martin Hanzal wins face-off versus Olli Jokinen in neutral zone.
1:25 of 1st period - Tyler Ennis is hit by John Carlson and loses puck.
2:11 of 1st period - Daniel Sedin is hit by Paul Mara and loses puck.
2:45 of 1st period - Clarke MacArthur beats up Steve Downie.
2:45 of 1st period - Penalty to Steve Downie for Fighting.
2:45 of 1st period - Penalty to Clarke MacArthur for Fighting.
2:46 of 1st period - Andy McDonald wins face-off versus Ryan Carter in Avalanche zone.
2:53 of 1st period - Shot by Linus Omark.
2:53 of 1st period - Goal by Linus Omark - Jets : 0 - Avalanche : 1.
2:54 of 1st period - Martin Hanzal wins face-off versus R.J. Umberger in neutral zone.
3:12 of 1st period - Icing by Victor Hedman.
3:13 of 1st period - Ryan Carter wins face-off versus Martin Hanzal in Jets zone.
3:27 of 1st period - John Carlson is hit by Martin Hanzal and loses puck.
4:47 of 1st period - Shot by Andy McDonald.
4:47 of 1st period - Stopped by Antti Niemi without a rebound.
4:48 of 1st period - Henrik Sedin wins face-off versus R.J. Umberger in Avalanche zone.
5:32 of 1st period - Off-side.
5:33 of 1st period - Ryan Carter wins face-off versus Andy McDonald in neutral zone.
5:48 of 1st period - Shot by Bryan Bickell.
5:48 of 1st period - Stopped by Ilya Bryzgalov without a rebound.
5:49 of 1st period - Olli Jokinen wins face-off versus Martin Hanzal in Jets zone.
5:54 of 1st period - Shot by Olli Jokinen.
5:54 of 1st period - Stopped by Ilya Bryzgalov with a rebound.
5:56 of 1st period - Shot by John Carlson.
5:56 of 1st period - Shot Blocked by Nick Schultz.
7:25 of 1st period - Mark Giordano is hit by Jason Demers and loses puck.
8:17 of 1st period - Shot by Tyler Ennis.
8:17 of 1st period - Shot Hit the Post.
8:19 of 1st period - Shot by Jaroslav Spacek.
8:19 of 1st period - Shot Blocked by Michael Del Zotto.
8:23 of 1st period - Shot by Martin Hanzal.
8:23 of 1st period - Shot Misses the Net.
8:25 of 1st period - Shot by Martin Hanzal.
8:25 of 1st period - Shot Misses the Net.
8:29 of 1st period - Shot by Nick Schultz.
8:29 of 1st period - Shot Misses the Net.
8:59 of 1st period - Shot by Clarke MacArthur.
8:59 of 1st period - Shot Blocked by John Carlson.
9:27 of 1st period - Shot by Blake Comeau.
9:27 of 1st period - Shot Misses the Net.
9:33 of 1st period - Shot by Martin Hanzal.
9:33 of 1st period - Shot Blocked by John Carlson.
9:35 of 1st period - Shot by Martin Hanzal.
9:35 of 1st period - Stopped by Antti Niemi with a rebound.
9:59 of 1st period - John Carlson is hit by Blake Comeau and loses puck.
10:34 of 1st period - Shot by Olli Jokinen.
10:34 of 1st period - Stopped by Ilya Bryzgalov without a rebound.
10:35 of 1st period - Olli Jokinen wins face-off versus Andy McDonald in Jets zone.
10:59 of 1st period - Icing by Alex Goligoski.
11:00 of 1st period - Olli Jokinen wins face-off versus Andy McDonald in Jets zone.
11:55 of 1st period - Shot by Daniel Sedin.
11:55 of 1st period - Deflect By Henrik Sedin.
11:55 of 1st period - Stopped by Antti Niemi with a rebound.
13:22 of 1st period - Steve Downie is hit by Victor Hedman and loses puck.
13:45 of 1st period - Erik Cole is hit by Olli Jokinen and loses puck.
13:54 of 1st period - Shot by Teemu Selanne.
13:54 of 1st period - Shot Misses the Net.
13:56 of 1st period - Shot by Jason Demers.
13:56 of 1st period - Shot Blocked by Victor Hedman.
15:16 of 1st period - Icing by Jaroslav Spacek.
15:17 of 1st period - Olli Jokinen wins face-off versus Martin Hanzal in Jets zone.
15:18 of 1st period - Shot by Teemu Selanne.
15:18 of 1st period - Shot Misses the Net.
15:46 of 1st period - Nathan Gerbe is hit by Olli Jokinen and loses puck.
16:47 of 1st period - Shot by Steve Downie.
16:47 of 1st period - Shot Misses the Net.
16:58 of 1st period - Icing by Alex Goligoski.
16:59 of 1st period - T.J. Oshie wins face-off versus Andy McDonald in Jets zone.
17:04 of 1st period - Shot by Teemu Selanne.
17:04 of 1st period - Stopped by Ilya Bryzgalov with a rebound.
17:06 of 1st period - Shot by Teemu Selanne.
17:06 of 1st period - Shot Misses the Net.
17:08 of 1st period - Shot by Olli Jokinen.
17:08 of 1st period - Stopped by Ilya Bryzgalov without a rebound.
17:09 of 1st period - Ryan Carter wins face-off versus Martin Hanzal in Jets zone.
17:09 of 1st period - Kevin Shattenkirk is hit by Carlo Colaiacovo and loses puck.
17:25 of 1st period - Bryan Bickell is hit by Carlo Colaiacovo.
18:25 of 1st period - Off-side.
18:26 of 1st period - Erik Cole wins face-off versus Olli Jokinen in neutral zone.
19:45 of 1st period - Martin Erat is hit by T.J. Oshie and loses puck.
19:55 of 1st period - Shot by T.J. Oshie.
19:55 of 1st period - Deflect By Teemu Selanne.
19:55 of 1st period - Goal by Teemu Selanne - Jets : 0 - Avalanche : 2.
19:56 of 1st period - Martin Hanzal wins face-off versus Justin Abdelkader in neutral zone.

Period #2

0:01 of 2nd period - Henrik Sedin wins face-off versus Olli Jokinen in neutral zone.
0:01 of 2nd period - Daniel Sedin is hit by Olli Jokinen and loses puck.
0:12 of 2nd period - Shot by Daniel Sedin.
0:12 of 2nd period - Shot Misses the Net.
0:18 of 2nd period - Shot by Olli Jokinen.
0:18 of 2nd period - Deflect By Teemu Selanne.
0:18 of 2nd period - Shot Blocked by Victor Hedman.
0:24 of 2nd period - Shot by Olli Jokinen.
0:24 of 2nd period - Stopped by Ilya Bryzgalov with a rebound.
0:26 of 2nd period - Shot by Olli Jokinen.
0:26 of 2nd period - Stopped by Ilya Bryzgalov without a rebound.
0:27 of 2nd period - Andy McDonald wins face-off versus Steve Downie in Jets zone.
0:43 of 2nd period - Icing by Cam Fowler.
0:44 of 2nd period - Andy McDonald wins face-off versus Ryan Carter in Jets zone.
0:58 of 2nd period - Clarke MacArthur is hit by Kevin Shattenkirk and loses puck.
1:10 of 2nd period - Linus Omark is hit by Alex Goligoski.
1:31 of 2nd period - Linus Omark is hit by Erik Cole and loses puck.
1:54 of 2nd period - Shot by Daniel Sedin.
1:54 of 2nd period - Shot Misses the Net.
2:04 of 2nd period - Shot by Henrik Sedin.
2:04 of 2nd period - Stopped by Antti Niemi without a rebound.
2:05 of 2nd period - Martin Hanzal wins face-off versus Justin Abdelkader in Avalanche zone.
3:40 of 2nd period - Shot by Erik Cole.
3:40 of 2nd period - Deflect By Henrik Sedin.
3:40 of 2nd period - Stopped by Antti Niemi without a rebound.
3:41 of 2nd period - Andy McDonald wins face-off versus R.J. Umberger in Avalanche zone.
3:52 of 2nd period - Shot by Clarke MacArthur.
3:52 of 2nd period - Stopped by Antti Niemi without a rebound.
3:53 of 2nd period - Steve Downie wins face-off versus Andy McDonald in Avalanche zone.
4:05 of 2nd period - Shot by Steve Downie.
4:05 of 2nd period - Shot Misses the Net.
4:44 of 2nd period - Minor Penalty to Erik Cole for Hooking.
4:45 of 2nd period - Martin Hanzal wins face-off versus Olli Jokinen in Jets zone.
4:55 of 2nd period - Off-side.
4:56 of 2nd period - Henrik Sedin wins face-off versus R.J. Umberger in neutral zone.
5:17 of 2nd period - Shot by John Carlson.
5:17 of 2nd period - Deflect By Jeff Skinner.
5:17 of 2nd period - Shot Blocked by Mark Giordano.
5:19 of 2nd period - Shot by John Carlson.
5:19 of 2nd period - Stopped by Ilya Bryzgalov with a rebound.
5:57 of 2nd period - Shot by T.J. Oshie.
5:57 of 2nd period - Shot Misses the Net.
5:59 of 2nd period - Shot by T.J. Oshie.
5:59 of 2nd period - Shot Misses the Net.
6:01 of 2nd period - Shot by T.J. Oshie.
6:01 of 2nd period - Stopped by Ilya Bryzgalov without a rebound.
6:02 of 2nd period - T.J. Oshie wins face-off versus Henrik Sedin in Jets zone.
6:38 of 2nd period - Icing by T.J. Oshie.
6:39 of 2nd period - Dainius Zubrus wins face-off versus Olli Jokinen in Avalanche zone.
8:25 of 2nd period - Jeff Skinner is hit by Victor Hedman and loses puck.
8:36 of 2nd period - Shot by Milan Hejduk.
8:36 of 2nd period - Deflect By R.J. Umberger.
8:36 of 2nd period - Shot Misses the Net.
8:38 of 2nd period - Shot by Milan Hejduk.
8:38 of 2nd period - Shot Misses the Net.
8:40 of 2nd period - Shot by Jeff Skinner.
8:40 of 2nd period - Shot Blocked by Carlo Colaiacovo.
8:42 of 2nd period - Shot by R.J. Umberger.
8:42 of 2nd period - Shot Blocked by Tyler Ennis.
8:44 of 2nd period - Shot by R.J. Umberger.
8:44 of 2nd period - Stopped by Ilya Bryzgalov without a rebound.
8:45 of 2nd period - Justin Abdelkader wins face-off versus Henrik Sedin in Jets zone.
9:03 of 2nd period - Shot by Daniel Sedin.
9:03 of 2nd period - Stopped by Antti Niemi without a rebound.
9:04 of 2nd period - Olli Jokinen wins face-off versus Martin Hanzal in Avalanche zone.
9:14 of 2nd period - Tyler Ennis is hit by Derek Stepan and loses puck.
9:57 of 2nd period - Milan Hejduk is hit by Alex Goligoski and loses puck.
10:12 of 2nd period - Shot by Andy McDonald.
10:12 of 2nd period - Shot Misses the Net.
10:47 of 2nd period - Steve Downie is hit by Cam Fowler and loses puck.
10:50 of 2nd period - Shot by Paul Mara.
10:50 of 2nd period - Deflect By Derek Stepan.
10:50 of 2nd period - Shot Misses the Net.
10:52 of 2nd period - Shot by Steve Downie.
10:52 of 2nd period - Stopped by Ilya Bryzgalov without a rebound.
10:53 of 2nd period - Henrik Sedin wins face-off versus Ryan Carter in Jets zone.
11:04 of 2nd period - Shot by Olli Jokinen.
11:04 of 2nd period - Stopped by Ilya Bryzgalov without a rebound.
11:05 of 2nd period - Justin Abdelkader wins face-off versus Blake Comeau in Jets zone.
11:06 of 2nd period - Shot by T.J. Oshie.
11:06 of 2nd period - Shot Misses the Net.
11:44 of 2nd period - Shot by Martin Hanzal.
11:44 of 2nd period - Stopped by Antti Niemi without a rebound.
11:45 of 2nd period - Henrik Sedin wins face-off versus R.J. Umberger in Avalanche zone.
12:05 of 2nd period - Minor Penalty to Erik Cole for Interference.
12:06 of 2nd period - Olli Jokinen wins face-off versus Martin Hanzal in Jets zone.
12:08 of 2nd period - Minor Penalty to Mark Giordano for Cross-checking.
12:09 of 2nd period - Martin Hanzal wins face-off versus Olli Jokinen in Jets zone.
12:56 of 2nd period - Shot by Milan Hejduk.
12:56 of 2nd period - Shot Blocked by Jaroslav Spacek.
13:00 of 2nd period - Shot by R.J. Umberger.
13:00 of 2nd period - Stopped by Ilya Bryzgalov without a rebound.
13:01 of 2nd period - Martin Hanzal wins face-off versus Olli Jokinen in Jets zone.
13:16 of 2nd period - Shot by Olli Jokinen.
13:16 of 2nd period - Shot Blocked by Martin Hanzal.
13:49 of 2nd period - Off-side.
13:50 of 2nd period - R.J. Umberger wins face-off versus Henrik Sedin in neutral zone.
13:53 of 2nd period - Shot by Kevin Shattenkirk.
13:53 of 2nd period - Stopped by Ilya Bryzgalov without a rebound.
13:54 of 2nd period - Henrik Sedin wins face-off versus R.J. Umberger in Jets zone.
15:15 of 2nd period - Shot by Martin Erat.
15:15 of 2nd period - Goal by Martin Erat - Jets : 1 - Avalanche : 2.
15:16 of 2nd period - R.J. Umberger wins face-off versus Martin Hanzal in neutral zone.
15:27 of 2nd period - Shot by Milan Hejduk.
15:27 of 2nd period - Stopped by Ilya Bryzgalov without a rebound.
15:28 of 2nd period - Martin Hanzal wins face-off versus Justin Abdelkader in Jets zone.
15:50 of 2nd period - Icing by Derek Stepan.
15:51 of 2nd period - Derek Stepan wins face-off versus Andy McDonald in Avalanche zone.
16:03 of 2nd period - Minor Penalty to Justin Abdelkader for Hooking.
16:04 of 2nd period - Henrik Sedin wins face-off versus Teemu Selanne in Avalanche zone.
16:05 of 2nd period - Shot by Alex Goligoski.
16:05 of 2nd period - Stopped by Antti Niemi with a rebound.
16:07 of 2nd period - Shot by Alex Goligoski.
16:07 of 2nd period - Stopped by Antti Niemi with a rebound.
16:09 of 2nd period - Shot by Daniel Sedin.
16:09 of 2nd period - Shot Blocked by Milan Hejduk.
16:11 of 2nd period - Shot by Alex Goligoski.
16:11 of 2nd period - Stopped by Antti Niemi without a rebound.
16:12 of 2nd period - Teemu Selanne wins face-off versus Andy McDonald in Avalanche zone.
16:27 of 2nd period - Shot by Mark Giordano.
16:27 of 2nd period - Shot Blocked by Kevin Shattenkirk.
16:29 of 2nd period - Shot by Cam Fowler.
16:29 of 2nd period - Shot Misses the Net.
16:47 of 2nd period - Shot by Mark Giordano.
16:47 of 2nd period - Shot Blocked by Kevin Shattenkirk.
17:27 of 2nd period - Off-side.
17:28 of 2nd period - Henrik Sedin wins face-off versus Teemu Selanne in neutral zone.
18:26 of 2nd period - Shot by Justin Abdelkader.
18:26 of 2nd period - Stopped by Ilya Bryzgalov with a rebound.
18:28 of 2nd period - Shot by Jason Demers.
18:28 of 2nd period - Shot Misses the Net.
18:30 of 2nd period - Shot by Steve Downie.
18:30 of 2nd period - Shot Misses the Net.
19:48 of 2nd period - Cam Fowler is hit by Ryan Carter and loses puck.

Period #3

0:01 of 3rd period - Henrik Sedin wins face-off versus Olli Jokinen in neutral zone.
0:15 of 3rd period - Icing by Victor Hedman.
0:16 of 3rd period - Henrik Sedin wins face-off versus Justin Abdelkader in Jets zone.
0:16 of 3rd period - Henrik Sedin is hit by Steve Downie.
0:44 of 3rd period - Mark Giordano is hit by Steve Downie and loses puck.
1:23 of 3rd period - Shot by Andy McDonald.
1:23 of 3rd period - Stopped by Antti Niemi without a rebound.
1:24 of 3rd period - Martin Hanzal wins face-off versus Olli Jokinen in Avalanche zone.
1:30 of 3rd period - Minor Penalty to John Carlson for Roughing.
1:31 of 3rd period - Tyler Ennis wins face-off versus Teemu Selanne in Avalanche zone.
1:31 of 3rd period - Tyler Ennis is hit by Jason Demers.
2:02 of 3rd period - Martin Erat is hit by Jason Demers and loses puck.
3:38 of 3rd period - Carlo Colaiacovo is hit by Jason Demers.
3:48 of 3rd period - Blake Comeau is hit by John Carlson.
3:52 of 3rd period - Shot by Martin Hanzal.
3:52 of 3rd period - Stopped by Antti Niemi without a rebound.
3:53 of 3rd period - Martin Hanzal wins face-off versus Justin Abdelkader in Avalanche zone.
4:24 of 3rd period - Shot by Martin Hanzal.
4:24 of 3rd period - Stopped by Antti Niemi without a rebound.
4:25 of 3rd period - Olli Jokinen wins face-off versus Henrik Sedin in Avalanche zone.
4:34 of 3rd period - Olli Jokinen is hit by Erik Cole and loses puck.
4:40 of 3rd period - Minor Penalty to John Carlson for Slashing.
4:41 of 3rd period - Henrik Sedin wins face-off versus Teemu Selanne in Avalanche zone.
5:39 of 3rd period - Off-side.
5:40 of 3rd period - Henrik Sedin wins face-off versus T.J. Oshie in neutral zone.
6:05 of 3rd period - Shot by Jaroslav Spacek.
6:05 of 3rd period - Shot Blocked by Olli Jokinen.
6:09 of 3rd period - Shot by Daniel Sedin.
6:09 of 3rd period - Shot Misses the Net.
6:29 of 3rd period - Shot by Andy McDonald.
6:29 of 3rd period - Deflect By Martin Erat.
6:29 of 3rd period - Stopped by Antti Niemi with a rebound.
6:31 of 3rd period - Shot by Cam Fowler.
6:31 of 3rd period - Shot Blocked by Olli Jokinen.
6:35 of 3rd period - Shot by Cam Fowler.
6:35 of 3rd period - Shot Blocked by Kevin Shattenkirk.
6:39 of 3rd period - Shot by Mark Giordano.
6:39 of 3rd period - Stopped by Antti Niemi without a rebound.
6:40 of 3rd period - Ryan Carter wins face-off versus Martin Hanzal in Avalanche zone.
6:49 of 3rd period - Carlo Colaiacovo is hit by Bryan Bickell and loses puck.
6:54 of 3rd period - John Carlson is hit by Martin Hanzal and loses puck.
7:15 of 3rd period - Shot by Carlo Colaiacovo.
7:15 of 3rd period - Goal by Carlo Colaiacovo - Jets : 2 - Avalanche : 2.
7:16 of 3rd period - Justin Abdelkader wins face-off versus Martin Hanzal in neutral zone.
7:34 of 3rd period - Icing by Nick Schultz.
7:35 of 3rd period - Martin Hanzal wins face-off versus Olli Jokinen in Jets zone.
7:39 of 3rd period - Tyler Ennis is hit by Paul Mara and loses puck.
8:57 of 3rd period - Icing by Kevin Shattenkirk.
8:58 of 3rd period - R.J. Umberger wins face-off versus Henrik Sedin in Avalanche zone.
8:58 of 3rd period - R.J. Umberger is hit by Erik Cole.
9:06 of 3rd period - R.J. Umberger is hit by Erik Cole.
9:12 of 3rd period - Erik Cole is hit by Jeff Skinner and loses puck.
9:22 of 3rd period - Off-side.
9:23 of 3rd period - Martin Hanzal wins face-off versus Ryan Carter in neutral zone.
10:03 of 3rd period - Shot by Ryan Carter.
10:03 of 3rd period - Stopped by Ilya Bryzgalov without a rebound.
10:04 of 3rd period - Milan Hejduk wins face-off versus Andy McDonald in Jets zone.
10:07 of 3rd period - Shot by Teemu Selanne.
10:07 of 3rd period - Stopped by Ilya Bryzgalov with a rebound.
10:11 of 3rd period - Shot by T.J. Oshie.
10:11 of 3rd period - Stopped by Ilya Bryzgalov without a rebound.
10:12 of 3rd period - R.J. Umberger wins face-off versus Andy McDonald in Jets zone.
10:33 of 3rd period - Martin Erat is hit by Jason Demers and loses puck.
10:37 of 3rd period - Clarke MacArthur is hit by Jason Demers and loses puck.
10:42 of 3rd period - Shot by Martin Erat.
10:42 of 3rd period - Shot Misses the Net.
10:44 of 3rd period - Shot by Clarke MacArthur.
10:44 of 3rd period - Stopped by Antti Niemi without a rebound.
10:45 of 3rd period - Justin Abdelkader wins face-off versus Martin Hanzal in Avalanche zone.
10:45 of 3rd period - Justin Abdelkader is hit by Martin Hanzal.
10:59 of 3rd period - Off-side.
11:00 of 3rd period - Ryan Carter wins face-off versus Henrik Sedin in neutral zone.
11:05 of 3rd period - Icing by Erik Cole.
11:06 of 3rd period - Henrik Sedin wins face-off versus Olli Jokinen in Jets zone.
11:42 of 3rd period - Minor Penalty to Paul Mara for Diving.
11:43 of 3rd period - Teemu Selanne wins face-off versus Andy McDonald in Avalanche zone.
12:19 of 3rd period - Icing by Cam Fowler.
12:20 of 3rd period - Andy McDonald wins face-off versus T.J. Oshie in Jets zone.
12:22 of 3rd period - Icing by Martin Erat.
12:23 of 3rd period - Andy McDonald wins face-off versus T.J. Oshie in Jets zone.
12:55 of 3rd period - Shot by Erik Cole.
12:55 of 3rd period - Shot Misses the Net.
12:57 of 3rd period - Shot by Daniel Sedin.
12:57 of 3rd period - Stopped by Antti Niemi without a rebound.
12:58 of 3rd period - Henrik Sedin wins face-off versus Teemu Selanne in Avalanche zone.
13:07 of 3rd period - Shot by Erik Cole.
13:07 of 3rd period - Shot Misses the Net.
13:09 of 3rd period - Shot by Erik Cole.
13:09 of 3rd period - Stopped by Antti Niemi without a rebound.
13:10 of 3rd period - Henrik Sedin wins face-off versus Teemu Selanne in Avalanche zone.
13:19 of 3rd period - Shot by Alex Goligoski.
13:19 of 3rd period - Shot Misses the Net.
13:21 of 3rd period - Shot by Jaroslav Spacek.
13:21 of 3rd period - Stopped by Antti Niemi with a rebound.
13:23 of 3rd period - Shot by Erik Cole.
13:23 of 3rd period - Deflect By Henrik Sedin.
13:23 of 3rd period - Stopped by Antti Niemi without a rebound.
13:24 of 3rd period - Andy McDonald wins face-off versus Teemu Selanne in Avalanche zone.
13:37 of 3rd period - Shot by Cam Fowler.
13:37 of 3rd period - Shot Misses the Net.
13:48 of 3rd period - Martin Hanzal is hit by Paul Mara and loses puck.
13:55 of 3rd period - Shot by Blake Comeau.
13:55 of 3rd period - Goal by Blake Comeau - Jets : 3 - Avalanche : 2.
13:56 of 3rd period - Martin Hanzal wins face-off versus Ryan Carter in neutral zone.
13:56 of 3rd period - Minor Penalty to Ryan Carter for Diving.
13:57 of 3rd period - Henrik Sedin wins face-off versus Teemu Selanne in Avalanche zone.
14:12 of 3rd period - Shot by Erik Cole.
14:12 of 3rd period - Stopped by Antti Niemi with a rebound.
14:21 of 3rd period - Icing by Daniel Sedin.
14:22 of 3rd period - Henrik Sedin wins face-off versus T.J. Oshie in Jets zone.
14:57 of 3rd period - Shot by Tyler Ennis.
14:57 of 3rd period - Stopped by Antti Niemi without a rebound.
14:58 of 3rd period - Andy McDonald wins face-off versus Teemu Selanne in Avalanche zone.
14:59 of 3rd period - Shot by Tyler Ennis.
14:59 of 3rd period - Shot Misses the Net.
15:01 of 3rd period - Shot by Cam Fowler.
15:01 of 3rd period - Stopped by Antti Niemi without a rebound.
15:02 of 3rd period - Andy McDonald wins face-off versus Teemu Selanne in Avalanche zone.
15:21 of 3rd period - Shot by Tyler Ennis.
15:21 of 3rd period - Stopped by Antti Niemi without a rebound.
15:22 of 3rd period - T.J. Oshie wins face-off versus Henrik Sedin in Avalanche zone.
15:33 of 3rd period - Shot by Henrik Sedin.
15:33 of 3rd period - Shot Misses the Net.
15:35 of 3rd period - Shot by Daniel Sedin.
15:35 of 3rd period - Shot Misses the Net.
16:07 of 3rd period - Clarke MacArthur is hit by R.J. Umberger and loses puck.
16:13 of 3rd period - Cam Fowler is hit by Jason Demers and loses puck.
17:01 of 3rd period - Shot by Tyler Ennis.
17:01 of 3rd period - Stopped by Antti Niemi without a rebound.
17:02 of 3rd period - Henrik Sedin wins face-off versus Olli Jokinen in Avalanche zone.
18:47 of 3rd period - Icing by Kevin Shattenkirk.
18:48 of 3rd period - Andy McDonald wins face-off versus Olli Jokinen in Avalanche zone.
19:16 of 3rd period - Shot by Martin Erat.
19:16 of 3rd period - Stopped by Antti Niemi without a rebound.
19:17 of 3rd period - Henrik Sedin wins face-off versus Milan Hejduk in Avalanche zone.
19:24 of 3rd period - Daniel Sedin is hit by Teemu Selanne and loses puck.
19:31 of 3rd period - Shot by Erik Cole.
19:31 of 3rd period - Stopped by Antti Niemi without a rebound.
19:32 of 3rd period - Henrik Sedin wins face-off versus Olli Jokinen in Avalanche zone.
19:41 of 3rd period - Avalanche, Antti Niemi is pulled from the net.
19:51 of 3rd period - Shot by Linus Omark.
19:51 of 3rd period - Shot Misses the Net.


Output by the SimonT Hockey Simulator (STHS) for Stephane Roy -- Original Page W3C XHTML 1.0 Valid